 Dungeon Crawl Stone Soup version 0.27-a0-1184-ge86db4a01e (webtiles) character file.

Game seed: 16910386790257559498

114 leviel the Skirmisher (level 4, -1/41 HPs)
             Began as a Minotaur Fighter on May 18, 2021.
             Slain by Grinder (6 damage)
             ... while paralysed by Grinder
             ... on level 3 of the Dungeon.
             The game lasted 00:02:01 (1523 turns).

leviel the Skirmisher (Minotaur Fighter)            Turns: 1523, Time: 00:02:01

Health: -1/41      AC:  8    Str: 21    XL:     4   Next: 66%
Magic:  3/3        EV:  2    Int:  5    God:
Gold:   75         SH:  0    Dex: 10    Spells: 3/3 levels left

rFire    . . .     SeeInvis .   a - +0 war axe
rCold    . . .     Faith    .   c - +0 kite shield
rNeg     . . .     Spirit   .   b - +0 scale mail
rPois    .         Reflect  .   (helmet restricted)
rElec    .         Harm     .   j - +0 cloak
rCorr    .         Rampage  .   (no gloves)
Will     .....                  (no boots)
Stlth    ..........             (no amulet)
HPRegen  0.13/turn              (no ring)
MPRegen  0.08/turn              (no ring)

@: paralysed, mighty
A: horns 2, retaliatory headbutt
a: no special abilities


You were on level 3 of the Dungeon.
You visited 1 branch of the dungeon, and saw 3 of its levels.

You collected 75 gold pieces.

Inventory:

Hand Weapons
 a - a +0 war axe (weapon)
Armour
 b - a +0 scale mail (worn)
 c - a +0 kite shield (worn)
 j - a +0 cloak (worn)
Scrolls
 f - 2 scrolls of identify {unknown}
 g - a scroll of noise {unknown}
 m - a scroll of vulnerability {unknown}
 o - a scroll of teleportation {unknown}
Potions
 e - 2 potions of curing {unknown}
 h - a potion of cancellation {unknown}
 i - a potion of haste {unknown}
 k - a potion of invisibility
 l - a potion of heal wounds {unknown}
 n - a potion of ambrosia {unknown}


   Skills:
 + Level 4.4 Fighting
 * Level 4.1 Axes
 + Level 4.4 Armour
 + Level 4.3 Shields


You had 3 spell levels left.
You didn't know any spells.
Your spell library was empty.

Dungeon Overview and Level Annotations

Branches:
Dungeon (3/15)

Altars:
Sif Muna

Annotations:
D:3 Grinder


Innate Abilities, Weirdness & Mutations

You have a pair of horns on your head.
You reflexively headbutt those who attack you in melee.


Message History

No target in view!
No target in view!
Grinder gestures at you.
You suddenly lose the ability to move!
Grinder says, "There's only one good use for a tongue: cutting it out."
You can move again.
You feel very mighty all of a sudden. Grinder gestures at you.
Pain shoots through your body! Grinder hits you.
You writhe in agony.
You hit Grinder. You headbutt Grinder!
Grinder is heavily wounded.
Grinder rolls her eyes.
Grinder hits you.
Grinder blinks!
Your shield and scale mail prevent you from hitting Grinder.
Your headbutt misses Grinder.
Grinder is heavily wounded.
Grinder gestures at you. Pain shoots through your body!
You slash Grinder! You headbutt Grinder, but do no damage.
Grinder is almost dead.
Grinder hits you. Grinder gestures at you.
You suddenly lose the ability to move!
Grinder says, "You look like you could use a good racking."
Grinder gestures at you.
You shrug off the repeated paralysis!
Grinder hits you.
You writhe in agony.
Grinder hits you.
You writhe in agony.
* * * LOW HITPOINT WARNING * * *
Grinder blinks!
You can move again.
You are too injured to fight recklessly!
You are too injured to fight recklessly!
Grinder gestures at you.
You suddenly lose the ability to move!
Grinder hits you.
* * * LOW HITPOINT WARNING * * *
You writhe in agony.
You die...

###
###############.#
..#.............#
#.##.##########.#
#.##.# #.# #
#.##.# #.#
.#..#.##.##.# #.#
......5....# #.#
###.#.##@#### #.#
......##.######.
#.#
#.............<
#.##
#.#####.#######
#... .... ####
....... #.....
#$...#..# #.#...
####.#.... #...#.
.# ... #...#.


You could see Grinder.

Vanquished Creatures
  An orc priest (D:3)
  Jessica (D:2)
  2 adders (D:2)
  A worm (D:2)
  A dart slug (D:1)
  5 orcs (D:3)
  3 bats
  3 endoplasms
  A giant cockroach (D:2)
  4 goblins
  A hobgoblin (D:2)
  2 frilled lizards
  3 kobolds (D:1)
  2 rats
30 creatures vanquished.

Notes
Turn   | Place    | Note
-------+----------+-------------------------------------------
     0 | D:1      | leviel the Minotaur Fighter began the quest for the Orb.
     0 | D:1      | Reached XP level 1. HP: 19/19 MP: 0/0
   273 | D:1      | Reached XP level 2. HP: 24/27 MP: 1/1
   354 | D:1      | You fall into a shaft and drop 1 floor!
   667 | D:2      | Reached XP level 3. HP: 32/33 MP: 2/2
   745 | D:2      | Noticed Jessica
   749 | D:2      | Killed Jessica
   800 | D:2      | Reached XP level 4. HP: 29/40 MP: 3/3
   891 | D:2      | Found a shimmering blue altar of Sif Muna.
  1503 | D:3      | Noticed Grinder
  1505 | D:3      | Paralysed by Grinder for 2 turns
  1511 | D:3      | Paralysed by Grinder for 5 turns
  1522 | D:3      | Paralysed by Grinder for 3 turns
  1523 | D:3      | Slain by Grinder

Illustrated notes

Levels and vault maps discovered:
D:1:      matt_arrival_spirals, layout_loops_ring, minmay_pentomino_t4
D:2:      layout_rooms, basic_altar, fountainhead, uniq_jessica
D:3:      layout_basic, uniq_grinder

Skill      XL: |  1  2  3  4 |
---------------+-------------+-----
Axes           | 3 4 |  4.1
Fighting       | 4 |  4.4
Armour         | 4 |  4.4
Shields        | 4 |  4.3

Action                   |  1- 3 |  4- 6 || total
-------------------------+-------+-------++-------
Melee: War axe           |    57 |    19 ||    76
       Headbutt          |     4 |     6 ||    10
  Use: Potion            |       |     1 ||     1
Armor: Scale mail        |    31 |     5 ||    36
Dodge: Dodged            |    18 |     4 ||    22
Block: Kite shield       |    22 |    12 ||    34

Table legend: (Time is in decaauts)
 A = Elapsed time spent in this place.
 B = Non-inter-level travel time spent in this place.
 C = Inter-level travel time spent in this place.
 D = Time resting spent in this place.
 E = Time spent auto-exploring this place.
 F = Levels seen in this place.
 G = Mean time per level.
                   A        B        C        D        E       F      G
               +--------+--------+--------+--------+--------+-----+--------+
         Total |   1565 |   1523 |     42 |      0 |   1282 |   3 |  521.7 |
       Dungeon |   1565 |   1523 |     42 |      0 |   1282 |   3 |  521.7 |
               +--------+--------+--------+--------+--------+-----+--------+

Top non-repeatable levels by time:
     D:2: 838 daAuts
     D:1: 365 daAuts
     D:3: 362 daAuts
